 Dungeon Crawl Stone Soup version 0.18-a0-1702-gd20c6a5 (webtiles) character file.

264 Ijustatesigmund the Sneak (level 6, -6/43 HPs)
             Began as an Octopode Assassin on Apr 6, 2016.
             Mangled by a gnoll
             ... wielding a +0 spear
              (11 damage)
             ... on level 2 of the Dungeon.
             The game lasted 00:04:02 (2148 turns).

Ijustatesigmund the Sneak (Octopode Assassin)       Turns: 2148, Time: 00:04:02

Health: -6/43      AC:  1    Str: 11      XL:     6   Next: 19%
Magic:  6/6        EV: 12    Int: 11      God:
Gold:   80         SH:  0    Dex: 13 (15) Spells: 0 memorised, 5 levels left

rFire  . . .     SeeInvis .     n - +1 dagger (vamp)
rCold  + . .     Gourm    .     (no shield)
rNeg   . . .     Faith    .     (helmet restricted)
rPois  .         Spirit   .     (no amulet)
rElec  .         Dismiss  .     e - ring of protection from cold
rCorr  .         Reflect  .     j - -2 ring of intelligence (curse)
SustAt .         Harm     .     (no ring)
MR     .....                    (no ring)
Stlth  ++++......               (no ring)
                                (no ring)
                                (no ring)
                                (no ring)

@: not resistant to hostile enchantments, stealthy
A: almost no armour, amphibious, 8 rings, constrict 8, camouflage 1, gelatinous
body 1
a: no special abilities


You were on level 2 of the Dungeon.
You were not hungry.

You visited 1 branch of the dungeon, and saw 2 of its levels.

You collected 80 gold pieces.

Inventory:

Hand Weapons
 a - a +2 dagger
 b - a +0 blowgun
 n - a +1 vampiric dagger (weapon)
Missiles
 c - 8 poisoned needles
 d - 2 curare-tipped needles
Jewellery
 e - a ring of protection from cold (left tentacle)
 j - a cursed -2 ring of intelligence (right tentacle)
Scrolls
 f - a scroll of recharging
 h - a scroll of enchant armour
 i - a scroll of fog
 m - a scroll of fear
Books
 o - a book of Battle

   Spells                             Type                      Level
   a - Infusion                       Charms                       1
   b - Shroud of Golubria             Charms/Translocation         2
   c - Song of Slaying                Charms                       2
   d - Spectral Weapon                Hexes/Charms                 3
   e - Regeneration                   Charms/Necromancy            3
Comestibles
 g - a bread ration
 l - a meat ration


   Skills:
 - Level 4.2 Fighting
 + Level 4.6 Short Blades
 - Level 2.0 Throwing
 + Level 1.5 Dodging
 + Level 5.6 Stealth


You had 5 spell levels left.
You didn't know any spells.

Dungeon Overview and Level Annotations

Branches:
Dungeon (2/15)

Altars:
Fedhas
Okawaru
Pakellas
Sif Muna


Innate Abilities, Weirdness & Mutations

You cannot wear most types of armour.
You are amphibious.
You can wear up to eight rings at the same time.
You can use your tentacles to constrict eight enemies at once.
Your skin changes colour to match your surroundings (Stealth).
Your rubbery body absorbs attacks (AC +1).


Message History

You barely miss the gnoll. Your grab misses the gnoll. You squeeze the gnoll.
The gnoll is heavily wounded.
The gnoll hits you with a spear.
You hit the gnoll but do no damage. Your grab misses the gnoll.
You squeeze the gnoll.
The gnoll is almost dead.
The gnoll hits you from afar with a spear!
The gnoll hits you with a spear.
* * * LOW HITPOINT WARNING * * *
You closely miss the gnoll. You grab the gnoll.
The gnoll is severely wounded.
You constrict the gnoll, but do no damage.
The gnoll hits you from afar with a spear.
* * * LOW HITPOINT WARNING * * *
The gnoll barely misses you.
You completely miss the gnoll.
The gnoll is severely wounded.
You constrict the gnoll.
The gnoll hits you from afar with a spear!
You die...

########...#############.#.##
......................).....#
##........#.#............####
#........#.##.###########*
#..........##.#..,,,,,,,,*
#..........##.#g#*******,*
#..........##.#g# *,*
#....รท.....##.#g# *,*
#........#.##.#@# *,*
##########..#.#.# *,*
##.#.#.# *,*
############...#.# *,*
.............>.#.# *,*
##############.#.# *,*
......#<,,,,,#.#.# *,*
#####.######,#.#.# *,*
......(......#.#.#### *,*


You could see 3 gnolls.

Vanquished Creatures
  Sigmund (D:2)
  A gnoll (D:2)
  3 adders (D:2)
  2 oozes (D:1)
  2 dart slugs
  3 orcs (D:2)
  2 ball pythons (D:1)
  7 bats
  5 giant cockroaches
  4 goblins
  7 hobgoblins
  6 jackals
  2 giant newts
  4 kobolds
  6 rats
55 creatures vanquished.

Notes
Turn   | Place    | Note
--------------------------------------------------------------
     0 | D:1      | Ijustatesigmund the Octopode Assassin began the quest for the Orb.
     0 | D:1      | Reached XP level 1. HP: 14/14 MP: 1/1
    56 | D:1      | Reached XP level 2. HP: 20/20 MP: 2/2
   467 | D:1      | Reached XP level 3. HP: 6/25 MP: 3/3
  1081 | D:2      | Noticed Sigmund
  1094 | D:2      | Killed Sigmund
  1094 | D:2      | Reached XP level 4. HP: 4/33 MP: 4/4
  1094 | D:2      | Reached XP level 5. HP: 5/37 MP: 5/5
  1468 | D:2      | Found an iron altar of Okawaru.
  1510 | D:2      | Found a deep blue altar of Sif Muna.
  1510 | D:2      | Found an oddly glowing altar of Pakellas.
  1513 | D:2      | Found a blossoming altar of Fedhas.
  1783 | D:2      | Reached XP level 6. HP: 39/43 MP: 6/6
  2148 | D:2      | Mangled by a gnoll

Vault maps used:
D:1:      denvon_arrival_waterhouse, minmay_misc_feat_more_columns,
          serial_park_tiny_1
D:2:      okawaru_altar_gauntlet_db, grunt_temple_overflow_open, first_bread,
          uniq_sigmund

Skill      XL: |  1  2  3 |
---------------+----------+-----
Short Blades   | 4 |  4.6
Fighting       | 4 |  4.2
Throwing       | |  2.0
Dodging        | |  1.5
Stealth        | |  5.6

Action                   |  1- 3 |  4- 6 || total
-------------------------+-------+-------++-------
Melee: Dagger            |    58 |    58 ||   116
  Use: Potion            |     1 |       ||     1
       Scroll            |       |     8 ||     8
 Stab: Sleeping          |     5 |     5 ||    10
  Eat: Bread ration      |     1 |       ||     1
       Chunk             |       |     4 ||     4
